 Dungeon Crawl Stone Soup version 0.31-a0-1227-g0136665373 (webtiles) character file.

Game seed: 13317448515409466482

232363 Monkooky the Champion of Chaos (level 18, -3/148 HPs)
             Began as a Demonspawn Artificer on Dec 8, 2023.
             Was the Champion of Makhleb.
             Splashed by a goliath frog's acid (10 damage)
             ... on level 4 of the Swamp on Dec 14, 2023.
             The game lasted 02:30:05 (40349 turns).

Monkooky the Champion of Chaos (DsAr)              Turns: 40349, Time: 02:30:06

Health: -3/148     AC: 34    Str: 16    XL:     18   Next: 38%
Magic:  34/34      EV: 12    Int: 17    God:    Makhleb [******]
Gold:   3107       SH:  0    Dex: 19    Spells: 6/25 levels left

rFire   + + +        m - +12 bardiche of Tumult {elec, rN+ Dex+5}
rCold   + . .        (shield currently unavailable)
rNeg    + . .        M - +10 plate armour "Zehian" {Rampage rPois rF+++ Int-2}
rPois   +            (helmet unavailable)
rElec   +            G - +2 cloak
rCorr   .            P - +2 pair of gloves
SInv    +            Y - +0 pair of boots
Will    ++...        x - amulet of the Briny Deep {Faith +Blink Stlth+} Stlth
                     i - +5 ring of evasion
HPRegen 0.44/turn    E - ring "Kubum" {Wiz rElec rPois Will+ Int+2}
MPRegen 0.24/turn

%: rampage, faith, wizardry (x1)
@: no status effects
A: antennae 3, icy blue scales 3, demonic guardian 3
}: 2/15 runes: serpentine, abyssal
a: Renounce Religion, Evoke Blink, Minor Destruction, Lesser Servant of Makhleb,
Major Destruction, Greater Servant of Makhleb


You were on level 4 of the Swamp.
You worshipped Makhleb.
Makhleb was exalted by your worship.
You visited 6 branches of the dungeon, and saw 31 of its levels.
You visited the Abyss 1 time.
You also visited: Bailey, Gauntlet and Ice Cave.

You collected 3171 gold pieces.
You spent 64 gold pieces at shops.

Inventory:

Hand Weapons
 m - the +12 bardiche of Tumult (weapon) {elec, rN+ Dex+5}
   (You acquired it in a bailey)

   Dex+5:     It affects your dexterity (+5).
   rN+:       It protects you from negative energy.
Missiles
 w - 13 javelins
 z - 2 throwing nets
Armour
 G - a +2 cloak (worn)
 M - the +10 plate armour "Zehian" (worn) {Rampage rPois rF+++ Int-2}
   (You took it off a minotaur in a Gauntlet)

   Int-2:     It affects your intelligence (-2).
   rF+++:     It renders you almost immune to fire.
   rPois:     It protects you from poison Rampage: It bestows one free step when
   moving towards enemies.
 P - a +2 pair of gloves (worn)
 Y - a +0 pair of boots (worn)
Magical Staves
 o - a staff of fire
 p - a staff of death
Jewellery
 i - a +5 ring of evasion (left hand)
 x - the amulet of the Briny Deep (around neck) {Faith +Blink Stlth+}
   (You acquired it in a bailey)

   [amulet of faith]

   Faith:     It allows you to gain divine favour quickly.
   +Blink:    It lets you blink.
   Stlth+:    It makes you more stealthy.
 y - a +6 ring of strength
 A - an amulet of regeneration
 E - the ring "Kubum" (right hand) {Wiz rElec rPois Will+ Int+2}
   (You found it on level 3 of the Swamp)

   [ring of wizardry]

   Wiz:       It improves your spell success rate.
   Int+2:     It affects your intelligence (+2).
   rElec:     It insulates you from electricity.
   rPois:     It protects you from poison Will+: It increases your willpower.
 I - a +4 ring of slaying
 T - a ring of flight
 W - a +6 ring of dexterity
 X - a +4 ring of protection
Wands
 a - a wand of mindburst (4)
 b - a wand of light (12)
 c - a wand of flame (42)
 d - a wand of charming (33)
 e - a wand of iceblast (24)
 t - a wand of digging (10)
Scrolls
 g - 3 scrolls of fear
 h - 14 scrolls of teleportation
 l - 3 scrolls of noise
 s - 3 scrolls of fog
 v - 3 scrolls of amnesia
 D - 7 scrolls of poison
 K - 2 scrolls of blinking
 O - 2 scrolls of revelation
 Q - a scroll of brand weapon
 S - a scroll of torment
Potions
 f - 4 potions of haste
 j - a potion of heal wounds
 q - 4 potions of attraction
 u - 3 potions of resistance
 B - a potion of ambrosia
 C - 13 potions of curing
 F - 2 potions of berserk rage
 H - 2 potions of magic
 J - 4 potions of lignification
 N - 2 potions of might
 R - 3 potions of mutation
 U - 4 potions of brilliance
 V - a potion of enlightenment
 Z - 3 potions of invisibility
Miscellaneous
 k - a lightning rod (2/4)
 n - a sack of spiders (inert)
 r - a condenser vane
 L - a phial of floods (inert)


   Skills:
 - Level 14.9 Fighting
 - Level 16.9(17.3) Polearms
 - Level 6.3(12.6) Staves
 - Level 5.7 Armour
 - Level 4.5 Dodging
 - Level 0.9 Stealth
 - Level 4.0 Spellcasting
 - Level 14.2 Necromancy
 - Level 24.0 Invocations
 + Level 9.0 Evocations


You had 6 spell levels left.
You knew the following spells:

 Your Spells              Type           Power      Damage    Failure   Level
a - Vampiric Draining     Necr           51%        2d9       2%          3
b - Necrotise             Necr           100%       1d9       1%          1
c - Agony                 Necr           51%        N/A       24%         5
d - Dispel Undead         Necr           51%        3d19      9%          4
e - Death Channel         Necr           25%        N/A       77%         6

Your spell library contained the following spells:

 Spells                   Type           Power      Damage    Failure   Level
 Cigotuvi's Dreadful Rot  Necr/Pois/Air  38%        N/A       52%         2
 Shock                    Conj/Air       12%        1d3       95%         1
 Blink                    Tloc           6%         N/A       98%         2
 Lesser Beckoning         Tloc           6%         N/A       98%         2
 Momentum Strike          Conj/Tloc      6%         3d8       98%         2
 Poisonous Vapours        Pois/Air       6%         N/A       98%         2
 Scorch                   Fire           6%         2d5       98%         2
 Static Discharge         Conj/Air       6%         3-4/arc   98%         2
 Gell's Gravitas          Tloc           3%         N/A       100%        3
 Mephitic Cloud           Conj/Pois/Air  3%         N/A       100%        3
 Ozocubu's Armour         Ice            3%         N/A       100%        3
 Swiftness                Air            3%         N/A       100%        3
 Teleport Other           Tloc           3%         N/A       100%        3
 Tukima's Dance           Hex            3%         N/A       100%        3
 Volatile Blastmotes      Fire/Tloc      6%         2d10      100%        3
 Airstrike                Air            1%         2d(1-17)  100%        4
 Dimensional Bullseye     Hex/Tloc       1%         N/A       100%        4
 Flame Wave               Conj/Fire      3%         2d5       100%        4
 Fulminant Prism          Conj/Hex       1%         3d5       100%        4
 Iskenderun's Mystic Bla  Conj/Tloc      3%         2d3       100%        4
 Summon Lightning Spire   Summ/Air       3%         N/A       100%        4
 Freezing Cloud           Conj/Ice/Air   1%         6-21      100%        5
 Iskenderun's Battlesphe  Conj           3%         2d6       100%        5
 Bombard                  Conj/Erth      1%         9d1       100%        6
 Dispersal                Tloc           1%         N/A       100%        6
 Summon Cactus Giant      Summ           1%         N/A       100%        6
 Ozocubu's Refrigeration  Ice            1%         4d7       100%        7
 Spellforged Servitor     Conj/Summ      1%         N/A       100%        7


Dungeon Overview and Level Annotations

Branches:
Dungeon (15/15) Temple (1/1) D:6 Lair (5/5) D:10 Swamp (4/4) Lair:3 Snake (4/4) Lair:2 Slime (0/5) Lair:5 Orc (2/2) D:10 Elf (0/3) Orc:2 Vaults (0/5) D:12 D:13 Depths (0/4) D:15 Bailey (visited) IceCv (visited) Gauntlet (visited)

Altars:
Ashenzari
Cheibriados
Dithmenos
Fedhas
Gozag
Hepliaklqana
Kikubaaqudgha
Makhleb
Nemelex Xobeh
Okawaru
Qazlal
Ru
Sif Muna
Trog
Uskayaw
Vehumet
Wu Jian
Xom
Yredelemnul
Jiyva

Shops:
D:7 =   D:11 :   Orc:2 ([[?   Snake:1 [   Snake:3 (   Snake:4 **

Portals:
Hell: Lair:5

Annotations:
D:5 exclusion: downstairs
D:12 exclusion: 2 downstairs
D:14 exclusion: obsidian statue
Lair:1 exclusion: downstairs
Lair:3 exclusion: komodo dragon
Lair:4 2 transporters, exclusion: downstairs
Lair:5 1 runed translucent door
Swamp:1 exclusion: downstairs
Swamp:2 1 runed translucent door, lucidstorm14's ghost, journeyman MiBe
Snake:1 exclusion: downstairs
Snake:4 3 runed translucent doors, exclusion: obsidian statue, Lobster4's ghost, adept MiHu


Innate Abilities, Weirdness & Mutations

You have a pair of large antennae on your head. (SInv)
You are completely covered in icy blue scales. (AC +4, rC+)
A powerful demonic guardian rushes to your aid.


Message History

Your hell beast closely misses the bunyip.
Your hell beast tramples the bunyip but does no damage.
The swamp drake barely misses you. The bunyip claws your hell beast!!
The bunyip claws your hell beast!!! The bunyip claws your hell beast!!
Your hell beast dies!
Your hell beast disappears in a puff of smoke!
Unknown command.
Unknown command.
You enter the shallow water.
Moving in this stuff is going to be slow.
You feel sick.
You are no longer poisoned.
Unknown command.
The bog body touches you.
* * * LOW HITPOINT WARNING * * *
The bog body freezes you! You resist.
* * * LOW HITPOINT WARNING * * *
The seven-headed hydra attacks as it pursues you!
The seven-headed hydra completely misses you. x2
The seven-headed hydra bites you but does no damage. x3
The seven-headed hydra bites you!
* * * LOW HITPOINT WARNING * * *
The seven-headed hydra closely misses you.
The bog body barely misses you.
Unknown command.
Your surroundings suddenly seem different.
A goliath frog and a swamp worm come into view.
Found a scroll of fear.
The swamp worm barely misses you.
The swamp worm bites you but does no damage.
You see here a scroll of fear.
Unknown command.
Unknown command.
You feel much better.
The swamp worm bites you but does no damage.
A demon appears!
The swamp worm bites you but does no damage.
The goliath frog hits you!
* * * LOW HITPOINT WARNING * * *
You are splashed with acid!
You die...

♣~
♣~......♣
♣~
...~...♣
♣~
..~..~.♣♣.
.~
♣♣~.~§...~
.~
...~~~.♣..
♣~
♣2..~~.~.♣
~~
♣.wF~.~.♣
.~ ♣@♣ ~~
♣♣♣ ~§ .~
.~ (. ~


You could see a goliath frog, a swamp worm (ally target) and a friendly
cacodemon (summoned).

Vanquished Creatures
  Bai Suzhen (Swamp:2)
  Vashnia (Snake:2)
  Gastronok (Lair:2)
  Agnes (D:15)
  5 nagarajas
  A fenstrider witch (Swamp:3)
  The ghost of Eugor the Eclecticist, an adept DECj of Vehumet (Swamp:3)
  Louise (D:15)
  2 orc warlords (Orc:2)
  A very ugly thing (D:15)
  A minotaur (Gauntlet)
  3 bunyips (Swamp:1)
  4 eleionomae
  A green death (Abyss:3)
  Josephine (D:13)
  An ice dragon (IceCv)
  3 rakshasas
  A shambling mangrove (Swamp:1)
  A salamander tyrant (Snake:4)
  16 hydras
  A ghost crab (Swamp:4)
  Erolcha (Orc:2)
  A catoblepas (Lair:4)
  Erica (D:8)
  A boulder beetle (D:11)
  12 anacondas
  5 centaur warriors
  2 ogre magi
  A spriggan skeleton (Abyss:3)
  5 alligators
  12 death yaks
  A death knight (D:15)
  An occultist (D:15)
  4 tengu warriors
  11 two-headed ogres
  15 naga warriors
  6 shock serpents
  9 naga sharpshooters
  2 orc high priests (Orc:2)
  Amaemon (Lair:2)
  A fire crab (Lair:5)
  4 sixfirhies
  6 salamander mystics
  A death drake (Swamp:3)
  An iron troll (shapeshifter) (D:13)
  3 goliath frogs
  8 swamp dragons
  3 bog bodies (Swamp:1)
  2 spriggan druids (Swamp:1)
  3 naga ritualists
  3 lindwurms
  A necromancer (D:15)
  An arcanist (Lair:5)
  Pikel (D:9)
  2 deep elf zephyrmancers
  A mana viper (shapeshifter) (D:13)
  8 mana vipers
  A deep elf archer (Orc:2)
  4 orc knights
  A sphinx simulacrum (D:15)
  4 orc sorcerers (Orc:2)
  An iron dragon zombie (Abyss:3)
  2 deep elf pyromancers
  4 ugly things
  5 cyclopes
  4 manticores
  10 salamanders
  2 will-o-the-wisps
  18 elephants
  15 naga magi
  2 centaur zombies (D:15)
  3 guardian serpents
  28 black mambas
  Joseph (D:7)
  An ice statue (IceCv)
  A gargoyle (D:12)
  11 cane toads
  A large abomination (Abyss:3)
  4 orange demons
  2 smoke demons
  Jeremiah (D:7)
  5 kobold demonologists
  An efreet (D:14)
  6 komodo dragons
  9 rime drakes
  A freezing wraith (D:15)
  2 tengu conjurers (D:15)
  A queen bee (Gauntlet)
  3 meliai (D:15)
  A bloated husk (Swamp:2)
  A hellwing (Abyss:3)
  2 polar bears (Lair:2)
  A red devil (Lair:5)
  4 trolls
  19 blink frogs
  6 tyrant leeches
  4 hornets
  Prince Ribbit (D:6)
  4 dream sheep
  A jumping spider (shapeshifter) (D:14)
  A centaur simulacrum (D:15)
  2 shadows
  7 wraiths
  40 yaks
  2 spriggans
  6 wyverns
  18 slime creatures
  2 fire bats (Abyss:3)
  Grum (D:8)
  9 basilisks
  16 humans
  18 vampire mosquitoes
  2 chaos spawn (Abyss:3)
  4 steam dragons
  37 nagas
  15 swamp worms
  A warg (Orc:2)
  An acid dragon (D:11)
  15 water moccasins
  Duvessa (D:7)
  4 hell hounds (Lair:5)
  54 orc warriors
  A sky beast (D:7)
  6 swamp drakes
  3 black bears
  An ice beast (D:8)
  11 ogres
  11 centaurs
  14 wolves
  3 kobold brigands (D:9)
  19 bullfrogs
  2 scorpions
  9 wights
  3 lindwurm simulacra (IceCv)
  6 killer bees
  4 howler monkeys
  An electric eel (Lair:1)
  9 komodo dragon simulacra (IceCv)
  6 jellies
  4 hounds
  A gnoll bouda (D:7)
  22 orc priests
  3 sleepcaps
  4 starcursed masses (Abyss:3)
  3 iguanas
  21 orc wizards
  6 gnolls
  14 adders
  4 acid dragon simulacra (IceCv)
  A shadow imp (D:7)
  15 white imps
  5 steam dragon simulacra (IceCv)
  2 worms
  2 dart slugs
  102 orcs
  6 ball pythons
  5 endoplasms
  4 giant cockroaches
  6 goblins
  4 hobgoblins
  23 kobolds
  A quokka (D:1)
  7 bats
  2 frilled lizards (D:3)
  A rat (D:3)
1019 creatures vanquished.

Vanquished Creatures (collateral kills)
  3 liches (Abyss:3)
  Jorgrun (D:14)
  A hydra (Swamp:2)
  A boulder beetle (Lair:1)
  A naga sharpshooter (Snake:4)
  A sun demon (Abyss:3)
  A skyshark (Lair:5)
  A salamander mystic (Snake:4)
  A harpy (shapeshifter) (D:15)
  2 salamanders (Snake:4)
  A manticore (D:15)
  An elephant (Lair:1)
  An ice statue (IceCv)
  A black mamba (Snake:2)
  Maggie (D:6)
  A komodo dragon (Lair:3)
  An ice devil (Abyss:3)
  Grinder (D:6)
  A red devil (Lair:5)
  4 blink frogs (Lair:3)
  4 dream sheep (Lair:3)
  4 yaks
  A fire bat (Abyss:3)
  Menkaure (D:6)
  A naga (Snake:4)
  An orc warrior (Bailey)
  An ogre (D:5)
  4 centaurs
  Blork the orc (D:6)
  A wight (D:9)
  A killer bee (D:10)
  Dowan (D:7)
  A hound (D:5)
  A gnoll bouda (D:7)
  An orc priest (D:10)
  An orc wizard (D:10)
  2 gnolls (D:7)
  A white imp (D:5)
  5 orcs
  An endoplasm (D:4)
  A goblin (D:4)
  2 kobolds
  A spectral weapon (Swamp:2)
64 creatures vanquished.

Vanquished Creatures (others)
  An ice dragon (Abyss:3)
  2 ogre magi (Abyss:3)
  2 elephants (Lair:1)
  A rime drake (IceCv)
  3 fire bats (Abyss:3)
  A yak (D:10)
  4 chaos spawn (Abyss:3)
  A naga (Snake:4)
  9 foxfires
  2 spectral weapons
26 creatures vanquished.

Grand Total: 1109 creatures vanquished

Notes
Turn   | Place    | Note
-------+----------+-------------------------------------------
     0 | D:1      | Monkooky the Demonspawn Artificer began the quest for the
                  | Orb.
     0 | D:1      | Reached XP level 1. HP: 15/15 MP: 1/1
   213 | D:1      | Gained mutation: You have a pair of small antennae on your
                  | head. [demonic ancestry]
   213 | D:1      | Reached XP level 2. HP: 15/21 MP: 2/2
   575 | D:1      | Reached skill level 1 in Spellcasting
   950 | D:2      | Reached XP level 3. HP: 26/26 MP: 3/5
  1298 | D:2      | Learned a level 3 spell: Vampiric Draining
  1300 | D:2      | Learned a level 1 spell: Necrotise
  1349 | D:2      | Reached skill level 1 in Necromancy
  1605 | D:2      | Reached XP level 4. HP: 29/32 MP: 7/7
  1995 | D:3      | Found an opulent altar of Gozag.
  2319 | D:3      | Found a radiant altar of Vehumet.
  2355 | D:3      | Gained mutation: A weak demonic guardian rushes to your
                  | aid. [demonic ancestry]
  2355 | D:3      | Reached XP level 5. HP: 15/37 MP: 4/8
  2750 | D:4      | Noticed an ogre
  2786 | D:4      | Killed an ogre
  2787 | D:4      | Reached skill level 5 in Necromancy
  2908 | D:4      | Noticed an ogre
  2916 | D:4      | Reached XP level 6. HP: 43/43 MP: 6/9
  3445 | D:5      | Entered Level 5 of the Dungeon
  3511 | D:5      | Gained mutation: A demonic guardian rushes to your aid.
                  | [demonic ancestry]
  3511 | D:5      | Reached XP level 7. HP: 44/48 MP: 4/10
  3978 | D:5      | Reached skill level 1 in Staves
  4439 | D:5      | Found an ornate altar of the Wu Jian Council.
  4445 | D:5      | Reached XP level 8. HP: 54/54 MP: 11/11
  4498 | D:6      | Noticed Maggie
  4509 | D:6      | Killed Maggie
  4639 | D:6      | Noticed Menkaure
  4641 | D:6      | Killed Menkaure
  4642 | D:6      | Reached skill level 5 in Staves
  4642 | D:6      | Found a staircase to the Ecumenical Temple.
  4694 | D:6      | Noticed Prince Ribbit
  4703 | D:6      | Killed Prince Ribbit
  5108 | D:6      | Noticed Blork the orc
  5115 | D:6      | Killed Blork the orc
  5362 | D:6      | Reached XP level 9. HP: 56/65 MP: 7/12
  5379 | D:6      | Learned a level 5 spell: Agony
  5753 | Temple   | Entered the Ecumenical Temple
  5782 | Temple   | Became a worshipper of Makhleb the Destroyer
  5848 | D:6      | Reached skill level 1 in Invocations
  5875 | D:6      | Noticed Grinder
  5882 | D:6      | Killed Grinder
  5883 | D:6      | Reached skill level 3 in Invocations
  6012 | D:6      | Reached skill level 4 in Invocations
  6430 | D:7      | Reached skill level 5 in Invocations
  6561 | D:7      | Noticed Dowan
  6563 | D:7      | Noticed Duvessa
  6574 | D:7      | Killed Duvessa
  6575 | D:7      | Reached skill level 6 in Invocations
  6580 | D:7      | Reached skill level 7 in Invocations
  6595 | D:7      | Killed Dowan
  6604 | D:7      | Noticed Joseph
  6641 | D:7      | Killed Joseph
  6642 | D:7      | Reached skill level 8 in Invocations
  6713 | D:7      | Reached skill level 9 in Invocations
  6920 | D:7      | Found Heqay's Jewellery Boutique.
  6977 | D:7      | Noticed Jeremiah
  7016 | D:7      | Killed Jeremiah
  7133 | D:7      | Gained mutation: You are partially covered in icy blue
                  | scales. (AC +2) [demonic ancestry]
  7133 | D:7      | Reached XP level 10. HP: 67/73 MP: 17/17
  7193 | D:7      | Reached skill level 10 in Invocations
  7579 | D:8      | Noticed Erica
  7588 | D:8      | Killed Erica
  7589 | D:8      | Reached skill level 11 in Invocations
  7706 | D:8      | Reached * piety under Makhleb
  7717 | D:8      | Noticed Grum
  7733 | D:8      | Killed Grum
  8002 | D:8      | Noticed a smoke demon
  8013 | D:8      | Reached skill level 10 in Necromancy
  8868 | D:9      | Found a blossoming altar of Fedhas.
  8956 | D:9      | Noticed a two-headed ogre
  8962 | D:9      | Killed a two-headed ogre
  9438 | D:9      | Gained mutation: You are mostly covered in icy blue scales.
                  | (AC +3) [demonic ancestry]
  9438 | D:9      | Reached XP level 11. HP: 73/73 MP: 14/19
  9533 | D:9      | Found a sacrificial altar of Ru.
  9538 | D:9      | Found a basalt altar of Yredelemnul.
  9549 | D:9      | Noticed Pikel
  9559 | D:9      | Killed Pikel
 10150 | D:10     | Entered Level 10 of the Dungeon
 10340 | D:10     | Reached ** piety under Makhleb
 10363 | D:10     | Found a staircase to the Orcish Mines.
 10392 | D:10     | Reached skill level 12 in Invocations
 10467 | D:10     | Found an ancient bone altar of Kikubaaqudgha.
 10467 | D:10     | Found a snail-covered altar of Cheibriados.
 10575 | D:10     | Found a flagged portal.
 10628 | Bailey   | Entered a bailey
 10975 | Bailey   | Reached skill level 13 in Invocations
 11142 | Bailey   | Acquired the +12 bardiche of Tumult {elec, rN+ Dex+5}
 11146 | Bailey   | Noticed an orc knight
 11156 | Bailey   | Killed an orc knight
 11157 | Bailey   | Reached skill level 1 in Polearms
 11308 | D:10     | Reached *** piety under Makhleb
 11495 | D:10     | Found a staircase to the Lair.
 11615 | D:10     | Identified the +1 scale mail of Isuzyb {rElec rC+ Int+3}
 11874 | Lair:1   | Entered Level 1 of the Lair of Beasts
 11919 | Lair:1   | Reached skill level 5 in Polearms
 12027 | Lair:1   | Acquired the amulet of the Briny Deep {Faith +Blink Stlth+}
 12293 | Lair:1   | Reached XP level 12. HP: 82/84 MP: 14/21
 12381 | Lair:1   | Noticed a boulder beetle
 12402 | Lair:1   | Killed a boulder beetle
 12799 | Lair:1   | Reached **** piety under Makhleb
 13193 | Lair:2   | Noticed a death yak
 13193 | Lair:2   | Noticed a death yak
 13193 | Lair:2   | Noticed a death yak
 13193 | Lair:2   | Noticed a death yak
 13193 | Lair:2   | Noticed a death yak
 13193 | Lair:2   | Noticed a death yak
 13208 | Lair:1   | Killed a death yak
 13217 | Lair:1   | Killed a death yak
 13552 | Lair:2   | Noticed Gastronok
 13583 | Lair:2   | Killed Gastronok
 13584 | Lair:2   | Reached skill level 10 in Polearms
 13735 | Lair:1   | Killed a death yak
 13838 | Lair:1   | Killed a death yak
 13990 | Lair:1   | Killed a death yak
 14008 | Lair:1   | Killed a death yak
 14221 | Lair:2   | You fall into a shaft and drop 2 floors!
 14232 | Lair:4   | Found a gate leading to a gauntlet.
 14246 | Gauntlet | Entered a Gauntlet
 14246 | Gauntlet | Found a transporter.
 14246 | Gauntlet | Found a transporter.
 14247 | Gauntlet | Found a transporter.
 14248 | Gauntlet | Found a transporter.
 14251 | Gauntlet | Found a transporter.
 14251 | Gauntlet | Found a transporter.
 14258 | Gauntlet | Found a transporter.
 14259 | Gauntlet | Found a transporter.
 14260 | Gauntlet | Found a transporter.
 14262 | Gauntlet | Found a transporter.
 14270 | Gauntlet | Found a transporter.
 14270 | Gauntlet | Found a transporter.
 14689 | Gauntlet | Gained mutation: You have a pair of antennae on your head.
                  | [demonic ancestry]
 14689 | Gauntlet | Reached XP level 13. HP: 76/90 MP: 22/22
 14743 | Gauntlet | Identified the +10 plate armour "Zehian" {Rampage rPois
                  | rF+++ Int-2}
 14743 | Gauntlet | Noticed a minotaur
 14779 | Gauntlet | Killed a minotaur
 14852 | Lair:4   | Found a frozen archway.
 14863 | Lair:4   | Reached skill level 5 in Fighting
 14920 | IceCv    | Entered an ice cave
 16194 | Lair:4   | Found a transporter.
 16343 | Lair:3   | Reached skill level 10 in Fighting
 16517 | Lair:2   | Reached ***** piety under Makhleb
 16771 | Lair:2   | Noticed Amaemon
 16787 | Lair:2   | Killed Amaemon
 17214 | Lair:2   | Found a staircase to the Snake Pit.
 17496 | Lair:3   | Reached skill level 5 in Armour
 17759 | Lair:3   | Reached XP level 14. HP: 74/115 MP: 2/23
 18076 | Lair:3   | Found a staircase to the Swamp.
 19200 | Lair:4   | Found a transporter.
 19686 | Lair:5   | Entered Level 5 of the Lair of Beasts
 20017 | Lair:5   | Reached skill level 14 in Invocations
 20250 | Lair:5   | Found a hide-covered altar of Uskayaw.
 20291 | Lair:5   | Found a runed translucent door.
 20291 | Lair:5   | Found a viscous altar of Jiyva.
 20302 | Lair:5   | Found a staircase to the Slime Pits.
 20321 | Lair:5   | Reached skill level 15 in Invocations
 20739 | Lair:5   | Reached skill level 16 in Invocations
 20875 | Lair:5   | Reached ****** piety under Makhleb
 21264 | Lair:5   | Found a burning altar of Makhleb.
 21312 | Lair:5   | Reached skill level 17 in Invocations
 21413 | Lair:5   | Found a gateway to Hell.
 21420 | Lair:5   | Identified the +6 flail of the Fray {heavy, rF- rC+ Dex+2}
 21702 | D:11     | Found Hoqet's Tremendous Tomes.
 21841 | D:11     | Gained mutation: You have a pair of large antennae on your
                  | head. (SInv) [demonic ancestry]
 21841 | D:11     | Reached XP level 15. HP: 126/126 MP: 27/27
 23057 | D:12     | Reached skill level 18 in Invocations
 23833 | Orc:1    | Entered Level 1 of the Orcish Mines
 23903 | Orc:2    | Entered Level 2 of the Orcish Mines
 23903 | Orc:2    | Noticed Erolcha
 23909 | Orc:2    | Killed Erolcha
 23917 | Orc:2    | Found a staircase to the Elven Halls.
 24228 | Orc:2    | Reached skill level 19 in Invocations
 24425 | Orc:2    | Identified the +3 scimitar of Infinite Pain {heavy, Fly
                  | Str+5}
 24651 | Orc:2    | Identified the +3 scimitar of Xuhed {holy, rF+ rN+ Stlth+}
 24813 | Orc:2    | Found Odghep's Antique Armour Shop.
 24815 | Orc:2    | Found Vosyh's Antique Weapon Boutique.
 25038 | Orc:2    | Found Liuqerph's Magic Scroll Emporium.
 25043 | Orc:2    | Bought a scroll of identify for 32 gold pieces
 25043 | Orc:2    | Bought a scroll of identify for 32 gold pieces
 25106 | Orc:2    | Found Ytsaluch's Armour Shop.
 25496 | D:13     | Found a gate to the Vaults.
 26278 | D:13     | Noticed Josephine
 26298 | D:13     | Killed Josephine
 26740 | D:14     | Noticed Jorgrun
 26748 | D:14     | Killed Jorgrun
 26826 | D:13     | Upgraded the game from 0.31-a0-1074-g0b22e4e0f1 to
                  | 0.31-a0-1204-ge2c1a860ed
 27340 | D:14     | Found a shimmering blue altar of Sif Muna.
 27433 | D:14     | Reached XP level 16. HP: 124/134 MP: 29/29
 27546 | D:14     | Reached skill level 5 in Evocations
 28014 | D:15     | Entered Level 15 of the Dungeon
 28021 | D:15     | Upgraded the game from 0.31-a0-1204-ge2c1a860ed to
                  | 0.31-a0-1206-g41278d8d1d
 29056 | D:15     | Noticed Agnes
 29069 | D:15     | Killed Agnes
 29286 | D:15     | Noticed Louise
 29288 | Abyss:2  | Cast into level 2 of the Abyss (Louise)
 29330 | Abyss:2  | Noticed a bone dragon
 29533 | Abyss:3  | Reached skill level 15 in Polearms
 29619 | Abyss:3  | Noticed a lich
 29639 | Abyss:3  | Killed a lich
 29647 | Abyss:3  | Noticed a lich
 29654 | Abyss:3  | Killed a lich
 29654 | Abyss:3  | Noticed a lich
 29656 | Abyss:3  | Killed a lich
 29664 | Abyss:3  | Got an abyssal rune of Zot
 29672 | D:15     | Escaped the Abyss
 29791 | D:15     | Killed Louise
 29942 | D:15     | Found a staircase to the Depths.
 30055 | D:15     | Found an iron altar of Okawaru.
 30452 | Snake:1  | Entered Level 1 of the Snake Pit
 30777 | Snake:1  | Found Qomaa's Antique Armour Emporium.
 31690 | Snake:2  | Reached skill level 1 in Dodging
 31702 | Snake:2  | Noticed Vashnia
 31987 | Snake:2  | Gained mutation: A powerful demonic guardian rushes to your
                  | aid. [demonic ancestry]
 31987 | Snake:2  | Reached XP level 17. HP: 66/140 MP: 30/30
 32160 | Snake:2  | Killed Vashnia
 33506 | Snake:3  | Found Epiyf's Weapon Boutique.
 33628 | Snake:3  | Reached skill level 20 in Invocations
 34312 | Snake:4  | Entered Level 4 of the Snake Pit
 34615 | Snake:4  | Found a runed translucent gate.
 34659 | Snake:4  | Reached skill level 21 in Invocations
 34950 | Snake:4  | Found a runed translucent gate.
 34950 | Snake:4  | Found a runed translucent gate.
 35295 | Snake:4  | Found an opulent altar of Gozag.
 35295 | Snake:4  | Found Keij's Assorted Antiques.
 35297 | Snake:4  | Found Koaroigi's Assorted Antiques.
 35297 | Snake:4  | Noticed Lobster4's ghost (adept MiHu)
 36041 | Snake:4  | Reached skill level 22 in Invocations
 36130 | Snake:4  | Got a serpentine rune of Zot
 37591 | Swamp:1  | Entered Level 1 of the Swamp
 37594 | Swamp:1  | Reached skill level 23 in Invocations
 37599 | Swamp:1  | Learned a level 4 spell: Dispel Undead
 37606 | Swamp:1  | Learned a level 6 spell: Death Channel
 37606 | Swamp:1  | Upgraded the game from 0.31-a0-1206-g41278d8d1d to
                  | 0.31-a0-1227-g0136665373
 38283 | Swamp:1  | Gained mutation: You are completely covered in icy blue
                  | scales. (AC +4, rC+) [demonic ancestry]
 38283 | Swamp:1  | Reached XP level 18. HP: 124/148 MP: 33/33
 38526 | Swamp:2  | Reached skill level 24 in Invocations
 38694 | Swamp:2  | Noticed lucidstorm14's ghost (journeyman MiBe)
 38695 | Swamp:2  | Found a runed translucent door.
 39110 | Swamp:3  | Noticed Bai Suzhen
 39126 | Swamp:2  | Killed Bai Suzhen
 39941 | Swamp:3  | Found a large runed translucent door.
 39942 | Swamp:3  | Found a large runed translucent door.
 39945 | Swamp:3  | Noticed Eugor's ghost (adept DECj)
 40179 | Swamp:3  | Killed Eugor's ghost
 40184 | Swamp:3  | Identified the ring "Kubum" {Wiz rElec rPois Will+ Int+2}
 40198 | Swamp:3  | Identified the +5 spear of the Twisting Traitor {speed, rC+
                  | Will+}
 40215 | Swamp:4  | Entered Level 4 of the Swamp
 40349 | Swamp:4  | HP: 7/148 [goliath frog (15)]
 40349 | Swamp:4  | Splashed by a goliath frog's acid

Illustrated notes

Levels and vault maps discovered:
D:1:      scummos_arrival_hexagon, layout_loops_ring, minmay_misc_feat_ornament,
          nicolae_eternal_life
D:2:      layout_loops_ring, minmay_liquid_box, kennysheep_generic_room_16
D:3:      layout_rooms, nicolae_gozag_seed_capital, mainiacjoe_overflow_paths
D:4:      layout_basic, dk_noncrumbling_2, minivault_14
D:5:      layout_loops_ring, mainiacjoe_overflow_alcove_4
D:6:      layout_cave_pods, minmay_temple_entry_proselytizer,
          uniq_prince_ribbit1, uniq_blork_the_orc, uniq_grinder, uniq_maggie,
          uniq_menkaure
D:7:      layout_loops_ring, serial_shops, nicolae_shop_rolling_square,
          minmay_diced_spiral, uniq_joseph, uniq_duvessa, uniq_jeremiah
D:8:      layout_basic, uniq_erica, uniq_grum
D:9:      layout_gridville, grunt_temple_overflow_diamond,
          fedhas_ov_isle_minmay, serial_library_hellmonk_secret_room, uniq_pikel
D:10:     layout_gridville, gammafunk_temple_overflow_wave,
          grunt_lair_entry_orc_guard_hut, david_orc_3, enter_bailey_2,
          minmay_between
D:11:     layout_basic, special_room [special_room_orc],
          nicolae_shop_i_like_big_books
D:12:     layout_cave_pods
D:13:     layout_stronghold, david_vaults_3, uniq_josephine
D:14:     layout_gridville, hellmonk_sif_muna_bookshelves,
          minmay_protected_statue, uniq_jorgrun
D:15:     grunt_enter_depths_magical_seal, layout_irregular_city,
          hellmonk_okawaru_the_only_friend_you_need, uniq_agnes, uniq_louise
Temple:   nicolae_temple_god_jail
Lair:1:   layout_regular_city, hangedman_lair_generics_rect, lemuel_fruit_tree,
          serial_bayou_shore_a
Lair:2:   layout_roguey, minmay_snake_entry_guardpost_medium,
          chequers_serial_rivers_small_b, nicolae_lair_lindhole,
          serial_bayou_shore_b, uniq_amaemon, uniq_gastronok
Lair:3:   layout_gridlike, mainiacjoe_swamp_entry_lozenge_pond
Lair:4:   gammafunk_worm_tunnel, layout_long_grid, portal_ice_cave_entry_imps,
          gauntlet_entry_generic, grunt_megastairs_1
Lair:5:   evil_forest, layout_cave_pods, slime_entry_2, basic_altar
Swamp:1:  layout_basic_swamp, evilmike_swamp_ruin_house_1
Swamp:2:  layout_basic_swamp, hellmonk_ghost_happy_afterlife,
          evilmike_swamp_ruin_house_2, swamp_pool_1_2, infiniplex_staircase_pool
Swamp:3:  layout_basic_swamp, ebering_ghost_disaster_area,
          evilmike_swamp_ruin_house_4, swamp_pool_4, nicolae_swamp_tree_isthmus,
          uniq_bai_suzhen
Swamp:4:  swamp_basic_johnstein, layout_basic_swamp, swamp_pool_3,
          nicolae_swamp_frolicking_bunyips
Snake:1:  layout_misc_corridors, serial_shops, shop_statue
Snake:2:  layout_chambers, nicolae_snake_gridmaze_swirls,
          nicolae_snake_gridmaze_tees, uniq_vashnia
Snake:3:  layout_misc_corridors, serial_shops, nicolae_shop_trees,
          nicolae_snake_shapes
Snake:4:  snake_pit, layout_grid_shapes, ebering_ghost_gozag
Orc:1:    layout_caves, special_room [special_room_orc]
Orc:2:    grunt_orc_community_town_hall, layout_diamond_mine,
          grunt_orc_community_big_house_2, grunt_orc_community_big_house_1,
          grunt_orc_community_house_3, grunt_orc_community_house_2,
          grunt_orc_community_house_2, grunt_orc_community_house_2,
          grunt_orc_community_house_2, grunt_orc_community_house_3,
          special_room, nicolae_orc_lava_tube, elf_legates, uniq_erolcha

Skill      XL: |  1  2  3  4  5  6  7  8  9 10 11 12 13 14 15 16 17 18 |
---------------+-------------------------------------------------------+-----
Spellcasting   | 1 2 4 |  4.0
Necromancy     | 2 3 5 7 8 9 12 13 14 | 14.2
Staves         | 3 6 |  6.3
Fighting       | 4 12 14 | 14.9
Invocations    | 9 11 13 17 19 23 24 | 24.0
Polearms       | 6 11 12 13 16 | 16.9
Armour         | 5 |  5.7
Evocations     | 4 6 9 |  9.0
Dodging        | 2 4 |  4.5
Stealth        | |  0.9

Action                     |  1- 3 |  4- 6 |  7- 9 | 10-12 | 13-15 | 16-18 || total
---------------------------+-------+-------+-------+-------+-------+-------++-------
  Melee: Short sword       |    72 |       |       |       |       |       ||    72
         Club              |     3 |       |       |       |       |       ||     3
         Dagger            |    31 |   130 |   158 |       |       |       ||   319
         Punch             |       |       |     5 |     9 |    23 |     2 ||    39
         Quarterstaff      |       |       |   127 |   223 |       |       ||   350
         Staff             |       |       |       |   208 |       |       ||   208
         Trident           |       |       |       |   345 |  1750 |   249 ||  2344
         Bardiche          |       |       |       |       |       |   649 ||   649
  Throw: Dart              |       |     1 |       |     1 |       |       ||     2
   Cast: Necrotise         |     3 |    16 |    17 |     2 |       |       ||    38
         Vampiric Draining |       |     8 |    28 |    93 |    53 |    31 ||   213
         Agony             |       |       |       |    11 |       |     1 ||    12
 Invoke: Minor Destruction |       |       |       |   129 |   406 |   409 ||   944
         Lesser Servant of |       |       |       |     2 |     8 |     8 ||    18
         Major Destruction |       |       |       |     1 |    42 |    71 ||   114
         Greater Servant o |       |       |       |       |     1 |     8 ||     9
Ability: Evoke Blink       |       |       |       |       |       |     3 ||     3
  Evoke: Wand              |       |    12 |    10 |    11 |     2 |     3 ||    38
         Sack of spiders   |       |       |       |       |     1 |     2 ||     3
         Lightning rod     |       |       |       |       |       |     4 ||     4
         Phial of floods   |       |       |       |       |       |     1 ||     1
    Use: Potion            |       |     2 |       |     5 |     6 |     5 ||    18
         Scroll            |       |     1 |     4 |    14 |     9 |     7 ||    35
   Stab: Sleeping          |     3 |     1 |       |     1 |       |       ||     5
         Distracted        |       |       |       |     1 |     4 |     9 ||    14
         Invisible         |       |       |       |     3 |     3 |       ||     6
         Petrified         |       |       |       |       |     6 |       ||     6
         Confused          |       |       |       |       |       |     1 ||     1
 Armour: Leather armour    |    34 |    61 |    39 |       |       |       ||   134
         Acid dragon scale |       |       |   131 |   621 |     4 |       ||   756
         Plate armour      |       |       |       |       |  1656 |  1044 ||  2700
         Ice dragon scales |       |       |       |       |     3 |       ||     3
  Dodge: Dodged            |    74 |   124 |   176 |   747 |   769 |   450 ||  2340

Table legend: (Time is in decaauts)
 A = Elapsed time spent in this place.
 B = Non-inter-level travel time spent in this place.
 C = Inter-level travel time spent in this place.
 D = Time resting spent in this place.
 E = Time spent auto-exploring this place.
 F = Levels seen in this place.
 G = Mean time per level.
                   A        B        C        D        E       F      G
               +--------+--------+--------+--------+--------+-----+--------+
         Total |  39850 |  38054 |   1796 |   6856 |  22167 |  36 | 1106.9 |
       Dungeon |  17751 |  16931 |    820 |   2113 |  11091 |  15 | 1183.4 |
        Temple |     45 |     29 |     16 |      0 |      0 |   1 |   45.0 |
          Lair |   8010 |   7510 |    500 |    963 |   4676 |   5 | 1602.0 |
         Swamp |   2935 |   2835 |    100 |    663 |   1520 |   4 |  733.8 |
     Snake Pit |   6900 |   6612 |    288 |   1771 |   3514 |   4 | 1725.0 |
  Orcish Mines |   1500 |   1431 |     69 |     36 |    990 |   2 |  750.0 |
         Abyss |    354 |    354 |      0 |    119 |      0 |   2 |  177.0 |
        Bailey |    545 |    545 |      0 |    249 |    109 |   1 |  545.0 |
      Ice Cave |   1237 |   1237 |      0 |    813 |    139 |   1 | 1237.0 |
      Gauntlet |    568 |    568 |      0 |    128 |    127 |   1 |  568.0 |
               +--------+--------+--------+--------+--------+-----+--------+

Top non-repeatable levels by time:
 Snake:3: 2263 daAuts
  Lair:1: 2151 daAuts
 Snake:4: 1851 daAuts
  Lair:5: 1702 daAuts
  Lair:2: 1679 daAuts
     D:6: 1658 daAuts
 Snake:2: 1625 daAuts
     D:9: 1588 daAuts
    D:15: 1537 daAuts
    D:14: 1429 daAuts
   Orc:2: 1422 daAuts
  Lair:4: 1355 daAuts
    D:11: 1264 daAuts
   IceCv: 1237 daAuts
     D:5: 1221 daAuts
